 Dungeon Crawl Stone Soup version 0.29-a0-91-gdebf4667c2 (webtiles) character file.

Game seed: 1210158616683815415

33210 esteth the Devastator (level 13, -4/76 HPs)
             Began as a Deep Elf Conjurer on Feb 7, 2022.
             Was a High Priest of Vehumet.
             Succumbed to a cane toad's poison
             ... on level 5 of the Lair of Beasts.
             The game lasted 00:57:17 (20564 turns).

esteth the Devastator (Deep Elf Conjurer)          Turns: 20564, Time: 00:57:17

Health: -4/76      AC: 15    Str:  4    XL:     13   Next: 35%
Magic:  7/25       EV: 15    Int: 29    God:    Vehumet [*****.]
Gold:   1000       SH:  0    Dex: 13    Spells: 1/26 levels left

rFire   + . .      SeeInvis .   e - +6 dagger (protect)
rCold   + + .      Faith    .   (no shield)
rNeg    . . .      Spirit   .   B - +2 robe {Archmagi}
rPois   .          Reflect  .   R - +2 hat
rElec   .          Harm     .   I - scarf {rC+ rF+}
rCorr   .          Rampage  .   T - +2 pair of gloves {hurl}
Will    +....      Archmagi +   G - +1 pair of boots
Stlth   ++........              (no amulet)
HPRegen 0.22/turn               O - +4 ring of protection
MPRegen 0.19/turn               C - ring of protection from cold

@: lethally poisoned (-4 -> -30)
A: no striking features
a: Renounce Religion


You were on level 5 of the Lair of Beasts.
You worshipped Vehumet.
Vehumet was extremely pleased with you.
You visited 3 branches of the dungeon, and saw 17 of its levels.
You also visited: Ossuary.

You collected 1000 gold pieces.


   Skills:
 - Level 6.7 Fighting
 - Level 8.0 Dodging
 - Level 2.4 Stealth
 - Level 7.0 Spellcasting
 - Level 15.8 Conjurations
 - Level 8.8 Hexes
 - Level 3.0 Translocations
 + Level 6.0 Fire Magic
 - Level 8.7 Ice Magic
 - Level 8.0 Air Magic


You had one spell level left.
You knew the following spells:

 Your Spells              Type           Power      Damage    Failure   Level
c - Mephitic Cloud        Conj/Pois/Air  71%        N/A       1%          3
f - Fulminant Prism       Conj/Hex       44%        3d20      1%          4
i - Iskenderun's Mystic   Conj/Tloc      77%        2d15      1%          4
m - Magic Dart            Conj           100%       1d8       0%          1
F - Freezing Cloud        Conj/Ice/Air   41%        6-21      1%          5
I - Ignition              Fire           31%        3d10      99%         8

Your spell library contained the following spells:

 Spells                   Type           Power      Damage    Failure   Level
 Conjure Ball Lightning   Conj/Air       43%        3x3d15    1%          6
 Slow                     Hex            100%       N/A       1%          1
 Searing Ray              Conj           100%       2d8       0%          2
 Scorch                   Fire           100%       2d10      1%          2
 Dazzling Flash           Conj/Hex       100%       N/A       1%          3
 Frozen Ramparts          Ice            100%       1d12      1%          3
 Ignite Poison            Fire/Tmut/Pois 32%        N/A       1%          3
 Portal Projectile        Hex/Tloc       100%       N/A       1%          3
 Stone Arrow              Conj/Erth      100%       3d13      1%          3
 Tukima's Dance           Hex            75%        N/A       1%          3
 Flame Wave               Conj/Fire      84%        2d15      1%          4
 Irradiate                Conj/Tmut      35%        3d25      1%          5
 Gell's Gravitas          Tloc           41%        N/A       4%          3
 Teleport Other           Tloc           41%        N/A       4%          3
 Sublimation of Blood     Necr           15%        N/A       8%          2
 Lee's Rapid Deconstruct  Erth           7%         3d8*      32%         5
 Animate Armour           Summ/Erth      30%        N/A       45%         4
 Petrify                  Tmut/Erth      15%        N/A       45%         4
 Blade Hands              Tmut           7%         N/A       80%         5
 Excruciating Wounds      Necr           7%         N/A       80%         5
 Dispersal                Tloc           20%        N/A       92%         6
 Lehudib's Crystal Spear  Conj/Erth      35%        10d9      95%         8
 Summon Cactus Giant      Summ           7%         N/A       100%        6
 Dragon Form              Tmut           7%         N/A       100%        7

Inventory:

Hand Weapons
 e - a +6 dagger of protection (weapon)
   (You took it off Ijyb on level 4 of the Dungeon)
 k - a +1 dagger of venom
   (You took it off Jessica on level 3 of the Dungeon)
Missiles
 l - 3 throwing nets {=f!f}
 m - 17 boomerangs
 n - 171 arrows
Armour
 r - a +0 pair of gloves
   (You found it on level 4 of the Dungeon)
 B - a +2 robe of the Archmagi (worn)
   (You took it off Sigmund on level 2 of the Dungeon)
 G - a +1 pair of boots (worn)
   (You found it on level 3 of the Lair of Beasts)
 I - a scarf of resistance (worn)
   (You found it on level 7 of the Dungeon)
 R - a +2 hat (worn)
   (You found it on level 1 of the Lair of Beasts)
 T - a +2 pair of gloves of hurling (worn)
   (You found it on level 5 of the Lair of Beasts)
Magical Staves
 j - a staff of cold {!a}
   (You found it on level 5 of the Dungeon)
Jewellery
 c - a ring of protection from cold
   (You found it on level 10 of the Dungeon)
 C - a ring of protection from cold (right hand)
   (You took it off a hobgoblin on level 2 of the Dungeon)
 O - a +4 ring of protection (left hand)
   (You found it on level 1 of the Dungeon)
 Z - a ring of wizardry
   (You found it on level 2 of the Lair of Beasts)
Wands
 z - a wand of iceblast (7)
   (You took it off Ijyb on level 4 of the Dungeon)
 A - a wand of acid (11)
   (You found it on level 6 of the Dungeon)
 E - a wand of flame (59)
   (You took it off a kobold on level 7 of the Dungeon)
 J - a wand of charming (7)
   (You found it on level 4 of the Lair of Beasts)
 N - a wand of mindburst (5)
   (You found it on level 10 of the Dungeon)
 U - a wand of paralysis (7)
   (You found it on level 2 of the Lair of Beasts)
Scrolls
 b - a scroll of immolation {unknown}
 f - a scroll of torment {unknown}
 p - 5 scrolls of identify {@r1}
 v - a scroll of fear
 y - a scroll of magic mapping {unknown}
 D - 2 scrolls of holy word {unknown}
 F - 3 scrolls of teleportation {@r4}
 L - 2 scrolls of blinking {unknown}
 M - 2 scrolls of amnesia
 P - 2 scrolls of enchant weapon {unknown}
 Q - 4 scrolls of enchant armour {unknown}
 S - a scroll of brand weapon {unknown}
 W - a scroll of vulnerability {unknown}
Potions
 a - 3 potions of flight {unknown}
 d - 2 potions of magic {unknown}
 g - 4 potions of curing {@q1}
 h - 4 potions of ambrosia {unknown}
 i - 4 potions of invisibility {unknown}
 o - a potion of cancellation {unknown}
 q - 3 potions of mutation {unknown}
 s - 2 potions of berserk rage {unknown}
 t - 2 potions of lignification {unknown}
 u - 5 potions of heal wounds {unknown}
 w - 2 potions of degeneration {unknown}
 x - 2 potions of might {unknown}
 K - a potion of haste {@q3}
 V - 3 potions of brilliance {unknown}
 X - 2 potions of attraction {unknown}
Miscellaneous
 Y - a phantom mirror
   (You found it on level 3 of the Lair of Beasts)

Dungeon Overview and Level Annotations

Branches:
Dungeon (10/15)            Temple (1/1) D:5            Lair (6/6) D:8
  Swamp (0/4) Lair:2        Snake (0/4) Lair:4      Ossuary (visited)
  Slime: Lair:5-6       Orc: D:9-12

Altars:
Ashenzari
Cheibriados
Dithmenos
Elyvilon
Fedhas
Gozag
Hepliaklqana
Kikubaaqudgha
Makhleb
Nemelex Xobeh
Okawaru
Qazlal
Ru
Sif Muna
Trog
Uskayaw
Vehumet
Wu Jian
Xom
Yredelemnul
Zin
The Shining One

Shops:
D:4 [   D:7 *   D:8 (*

Annotations:
D:3 exclusion: downstairs
D:6 1 runed translucent door, Ajdolov's ghost, novice NaCA
D:8 exclusion: downstairs
Lair:2 Buheuvah's ghost, journeyman MiFi

#####.###.########.#....#.#
#P..P....#.....#.P.........
#......................#.#.
##.P##.....................
##..####.#.#......#.....#.#
#..## #....##....##....###
##..## ##..#######.#.....##
#....# #.FFP# ##.....#..
##..## ##.@..#######......^
##P.## #.#...##P.P.P.P...##
###....##
##............P.P#..
#P.#....#
#....#..#...P......
#.....###
#......#..P........ #...###
##.................. #..##
#....<.............. ##.##
###.#......P..........
#..###
##.....................


You could see 2 cane toads.


Message History

Vehumet accepts your kill.
You feel your power returning.
The cane toad is engulfed in freezing vapours. 😮 HP[+1] MP[+1]
Casting: Mephitic Cloud (safe; 1% risk of failure)
Confirm with . or Enter, or press ? or * to list all spells.
You feel a surge of power!
You erupt in a blast of force!
The mystic blast hits the blink frog!!
You kill the blink frog!
Vehumet accepts your kill.
You feel your power returning.
The mystic blast hits the cane toad!
The cane toad is knocked back by the mystic blast.
The cane toad slams into the rock wall!
You kill the cane toad!
Vehumet accepts your kill.
You feel your power returning.
The mystic blast hits the polar bear!
You kill the polar bear!
Vehumet accepts your kill.
You feel your power returning.
You hear a croak. 😮 MP[+1]
Casting: Iskenderun's Mystic Blast (safe; 1% risk of failure)
Confirm with . or Enter, or press ? or * to list all spells.
Aiming: Freezing Cloud (dangerous; 1% risk of failure)
Press: ? - help, Dir - move target You feel a surge of power!
A cane toad comes into view.
The cane toad is engulfed in freezing vapours.
The cane toad seems to slow down. 😮 MP[-5]
You lost 5 mp, and now have 6/25 mp.
Casting: Freezing Cloud (dangerous; 1% risk of failure)
Confirm with . or Enter, or press ? or * to list all spells.
You feel a surge of power!
You erupt in a blast of force!
The mystic blast hits the cane toad!
The cane toad is knocked back by the mystic blast.
You hear a loud, deep croak! x2
A cane toad comes into view. 😮 HP[+1] MP[-4]
You lost 4 mp, and now have 2/25 mp.
A blink frog comes into view. 😮 MP[+1]
The cane toad is engulfed in freezing vapours.
The cane toad seems to slow down.
A seven-headed hydra comes into view.
The blink frog blinks!
The cane toad is engulfed in freezing vapours.
The cane toad is engulfed in freezing vapours.
You kill the cane toad!
Vehumet accepts your kill.
Your Fire Magic skill increases to level 6! 😮 HP[+1]
The cane toad is no longer moving slowly. 😮 MP[+1]
The blink frog hits you.
The blink frog blinks! 😮 HP[-6]
You take 6 damage, and now have 47/76 hp. 😮 HP[+1]
A bullfrog comes into view.
The blink frog blinks! 😮 MP[+1]
Found an escape hatch in the ceiling. 😮 HP[+1]
The cane toad stings you.
You are poisoned.
The cane toad poisons you! 😮 HP[-2]
You take 2 damage, and now have 47/76 hp.
You feel very sick. 😮 HP[-4]
You take 4 damage, and now have 43/76 hp.
You feel very sick. 😮 HP[-4] MP[+1]
You take 4 damage, and now have 39/76 hp.
You feel sick.
The cane toad stings you but does no damage. 😨 HP[-1]
You take 1 damage, and now have 38/76 hp.
You feel sick.
The cane toad barely misses you. 😨 HP[-2]
You take 2 damage, and now have 36/76 hp.
You feel sick. 😨 HP[-2]
You take 2 damage, and now have 34/76 hp.
You feel sick. The cane toad misses you. 😨 HP[-1]
You take 1 damage, and now have 33/76 hp.
You feel sick.
There is an escape hatch in the ceiling here. 😨 HP[-1] MP[+1]
You take 1 damage, and now have 32/76 hp.
There are monsters nearby!
You feel sick. The cane toad completely misses you. The cane toad stings you!!
* * * LOW HITPOINT WARNING * * *
You are lethally poisoned!
The cane toad poisons you! The cane toad completely misses you.
The cane toad stings you!
* * * LOW HITPOINT WARNING * * *
A mysterious force pulls you upwards. The hatch slams shut behind you.
You die...

Skill      XL: |  1  2  3  4  5  6  7  8  9 10 11 12 13 |
---------------+----------------------------------------+-----
Conjurations   | 5 6 7 10 12 14 15 | 15.8
Spellcasting   | 4 7 |  7.0
Hexes          | 2 4 6 8 |  8.8
Translocations | 3 |  3.0
Fighting       | 3 5 6 |  6.7
Ice Magic      | 4 8 |  8.7
Air Magic      | 4 7 8 |  8.0
Dodging        | 4 8 |  8.0
Fire Magic     | 6 |  6.0
Stealth        | |  2.4

Action                   |  1- 3 |  4- 6 |  7- 9 | 10-12 | 13-15 || total
-------------------------+-------+-------+-------+-------+-------++-------
Melee: Dagger            |       |    51 |    46 |    53 |    13 ||   163
       Punch             |       |     2 |     1 |     2 |       ||     5
 Cast: Magic Dart        |    60 |    77 |   202 |   151 |    13 ||   503
       Fulminant Prism   |       |    10 |    50 |   130 |    17 ||   207
       Mephitic Cloud    |       |       |     1 |    18 |     1 ||    20
       Iskenderun's Myst |       |       |       |     5 |     2 ||     7
       Freezing Cloud    |       |       |       |    27 |    18 ||    45
  Use: Scroll            |       |     3 |     2 |     5 |     1 ||    11
       Potion            |       |       |     4 |     3 |       ||     7
 Stab: Confused          |       |       |       |     2 |       ||     2
Armor: Robe              |     1 |    24 |    51 |    40 |     9 ||   125
Dodge: Dodged            |       |    39 |    66 |    76 |    20 ||   201

Levels and vault maps discovered:
D:1:      amcnicky_arrival_flooded_fountain, layout_basic,
          shapermc_ecumenical_altar_venn
D:2:      layout_loops_ring, uniq_sigmund
D:3:      layout_loops_ring, uniq_terence, uniq_jessica
D:4:      layout_basic, grunt_temple_overflow_open,
          lightli_ossuary_entry_decrepit_ruins, serial_shops, shop, uniq_ijyb,
          uniq_grinder
D:5:      layout_cave_pools, minitemple, temple_fountains
D:6:      layout_rooms, ebering_ghost_sewer_d
D:7:      layout_loops_ring, pdpol_wu_jian_five_deadly_venoms,
          mainiacjoe_overflow_alcove_4, minmay_shop_mayhem,
          minmay_ruined_shrine, uniq_joseph
D:8:      layout_basic, elyvilon_altar_4, dpeg_oklobed_lair, serial_shops,
          nicolae_shop_hallway_plus, nicolae_shop_bloodbath_and_beyond
D:9:      layout_rooms, nicolae_overflow_hidden_temple,
          statue_in_the_mist_lemuel
D:10:     layout_basic, feat_on_display
Temple:   nicolae_temple_figure_zero
Lair:1:   layout_misc_corridors
Lair:2:   layout_concentric_octagons, palyth_hydra_swamp_entry,
          gammafunk_ghost_split, infiniplex_staircase_pool_2
Lair:3:   layout_concentric_octagons, chequers_serial_rivers_small_3,
          serial_bayou_shore_b
Lair:4:   layout_gridlike, guppyfry_snake_entry_island, serial_bayou_shore_b
Lair:5:   layout_loops_ring
Lair:6:   minmay_lair_end_frog_pond, layout_gridlike,
          dpeg_slime_entry_enclosed_altar, ice2_lemuel

Notes
Turn   | Place    | Note
-------+----------+-------------------------------------------
     0 | D:1      | esteth the Deep Elf Conjurer began the quest for the Orb.
     0 | D:1      | Reached XP level 1. HP: 10/10 MP: 6/6
     0 | D:1      | magus.rc [v1.11.3]
    98 | D:1      | Found a faded altar of an unknown god.
   171 | D:1      | Reached XP level 2. HP: 15/15 MP: 6/8
   331 | D:1      | You pick up a book of Scorching and begin reading...
   331 | D:1      | You add the spells Scorch, Flame Wave and Summon Cactus
                  | Giant to your library.
   466 | D:1      | Reached skill level 5 in Conjurations
  1097 | D:2      | Reached XP level 3. HP: 19/19 MP: 8/10
  1303 | D:2      | Reached skill level 4 in Spellcasting
  1339 | D:2      | Reached XP level 4. HP: 24/24 MP: 1/12
  1440 | D:2      | Identified a +2 robe of the Archmagi
  1440 | D:2      | Noticed Sigmund
  1502 | D:2      | Learned a level 4 spell: Fulminant Prism
  1507 | D:2      | Learned a level 4 spell: Iskenderun's Mystic Blast
  1906 | D:3      | Noticed Jessica
  1911 | D:3      | Killed Jessica
  1912 | D:3      | Reached skill level 1 in Hexes
  2024 | D:3      | Reached skill level 2 in Hexes
  2263 | D:3      | Noticed Terence
  2268 | D:3      | Killed Terence
  2269 | D:3      | Reached skill level 6 in Conjurations
  2269 | D:3      | Reached XP level 5. HP: 28/28 MP: 7/13
  2469 | D:3      | Reached skill level 3 in Hexes
  3210 | D:4      | Found a sand-covered staircase.
  3222 | Ossuary  | Entered an ossuary
  3284 | Ossuary  | Reached skill level 4 in Hexes
  3292 | Ossuary  | Reached XP level 6. HP: 32/32 MP: 1/14
  3413 | Ossuary  | Reached skill level 5 in Hexes
  3595 | Ossuary  | Reached skill level 6 in Hexes
  3857 | Ossuary  | Reached skill level 7 in Conjurations
  3857 | Ossuary  | Reached XP level 7. HP: 34/36 MP: 3/15
  4043 | D:4      | Found a hide-covered altar of Uskayaw.
  4043 | D:4      | Noticed Grinder
  4086 | D:4      | HP: 7/36 [Grinder (3)]
  4087 | D:4      | Killed Grinder
  4088 | D:4      | Reached skill level 7 in Hexes
  4308 | D:4      | Found a hazy altar of Hepliaklqana.
  4309 | D:4      | Found a basalt altar of Yredelemnul.
  4309 | D:4      | Found a sacrificial altar of Ru.
  4436 | D:4      | Noticed Ijyb
  4444 | D:4      | Killed Ijyb
  4515 | D:4      | Reached skill level 8 in Hexes
  4815 | D:4      | Found Kuxtexun's Antique Armour Shoppe.
  5192 | D:2      | Killed Sigmund
  5193 | D:2      | Reached XP level 8. HP: 41/41 MP: 7/16
  5341 | D:5      | Entered Level 5 of the Dungeon
  5359 | D:5      | Reached skill level 8 in Conjurations
  5745 | D:5      | Found a sparkling altar of Nemelex Xobeh.
  5745 | D:5      | Found a burning altar of Makhleb.
  5745 | D:5      | Found a blossoming altar of Fedhas.
  6023 | D:5      | Reached skill level 5 in Spellcasting
  6236 | D:5      | Found a staircase to the Ecumenical Temple.
  6245 | Temple   | Entered the Ecumenical Temple
  6374 | Temple   | Became a worshipper of Vehumet
  6736 | D:6      | Reached skill level 9 in Conjurations
  6807 | D:6      | Reached skill level 6 in Spellcasting
  7166 | D:6      | Noticed a troll
  7180 | D:6      | Reached skill level 10 in Conjurations
  7182 | D:6      | Killed a troll
  7183 | D:6      | Reached skill level 7 in Spellcasting
  7183 | D:6      | Reached XP level 9. HP: 44/45 MP: 1/21
  7346 | D:6      | Reached skill level 1 in Translocations
  7532 | D:6      | Found a runed translucent door.
  7535 | D:6      | Noticed Ajdolov's ghost (novice NaCA)
  7581 | D:6      | Reached skill level 1 in Fighting
  7920 | D:7      | Reached skill level 2 in Translocations
  8083 | D:7      | Reached skill level 11 in Conjurations
  8174 | D:7      | You add the spells Ignite Poison, Mephitic Cloud and
                  | Freezing Cloud to your library.
  8179 | D:7      | Learned a level 3 spell: Mephitic Cloud
  8484 | D:7      | Found a broken altar of Ashenzari.
  8555 | D:7      | Reached skill level 2 in Fighting
  8588 | D:7      | Reached skill level 3 in Translocations
  8596 | D:7      | Reached * piety under Vehumet
  8596 | D:7      | Offered knowledge of Sandblast by Vehumet.
  8927 | D:7      | Reached skill level 3 in Fighting
  8940 | D:7      | Reached skill level 12 in Conjurations
  9089 | D:7      | Found a hide-covered altar of Uskayaw.
  9168 | D:7      | Found an ornate altar of the Wu Jian Council.
  9259 | D:7      | Found Xuigas's Mayhem Merchandise.
  9280 | D:7      | Noticed Joseph
  9294 | D:7      | HP: 4/51 [Joseph/sling bullet (15)]
  9299 | D:7      | Killed Joseph
  9300 | D:7      | Reached XP level 10. HP: 14/56 MP: 1/22
  9863 | D:8      | Found a white marble altar of Elyvilon.
  9884 | D:8      | Found Tippobo's Assorted Antiques.
  9894 | D:8      | Noticed a cyclops
  9903 | D:8      | Found a staircase to the Lair.
 10252 | D:8      | Reached skill level 4 in Fighting
 10282 | D:8      | Killed a cyclops
 10283 | D:8      | Reached skill level 13 in Conjurations
 10742 | D:8      | Found Pomufu's Weapon Boutique.
 10930 | D:8      | You pick up a book of Alchemy and begin reading...
 10930 | D:8      | You add the spells Sublimation of Blood, Petrify and
                  | Irradiate to your library.
 11443 | D:9      | Reached ** piety under Vehumet
 11606 | D:9      | Reached skill level 5 in Fighting
 11968 | D:9      | Offered knowledge of Poisonous Vapours by Vehumet.
 11969 | D:9      | Reached skill level 14 in Conjurations
 11998 | D:9      | Noticed a two-headed ogre
 12019 | D:9      | Killed a two-headed ogre
 12269 | D:9      | Found a glowing silver altar of Zin.
 12272 | D:9      | Found a shadowy altar of Dithmenos.
 12274 | D:9      | Found an ancient bone altar of Kikubaaqudgha.
 12368 | D:9      | Got the Guide on the Congealing Rocks
 12442 | D:9      | Reached XP level 11. HP: 64/64 MP: 14/23
 12659 | D:9      | Noticed a boulder beetle
 12671 | D:9      | Killed a boulder beetle
 12672 | D:9      | Reached skill level 6 in Fighting
 12867 | D:10     | Entered Level 10 of the Dungeon
 12887 | D:10     | Reached skill level 15 in Conjurations
 13195 | D:10     | You pick up a book of Weapons and begin reading...
 13195 | D:10     | You add the spells Portal Projectile, Excruciating Wounds
                  | and Blade Hands to your library.
 13220 | D:10     | Noticed a cyan ugly thing
 13235 | D:10     | Killed a cyan ugly thing
 13653 | Lair:1   | Entered Level 1 of the Lair of Beasts
 13670 | Lair:1   | Offered knowledge of Stone Arrow by Vehumet.
 13691 | Lair:1   | HP: 14/66 [poisoned by a water moccasin]
 14198 | Lair:1   | Reached *** piety under Vehumet
 14199 | Lair:1   | Reached skill level 1 in Ice Magic
 14199 | Lair:1   | Reached skill level 1 in Air Magic
 14202 | Lair:1   | Reached skill level 3 in Dodging
 14431 | Lair:1   | Reached skill level 2 in Ice Magic
 14431 | Lair:1   | Reached skill level 2 in Air Magic
 14576 | Lair:1   | You pick up a book of Transfigurations and begin reading...
 15076 | Lair:2   | Reached skill level 3 in Ice Magic
 15265 | Lair:2   | Reached skill level 3 in Air Magic
 15312 | Lair:2   | Noticed a four-headed hydra
 15323 | Lair:2   | Killed a four-headed hydra
 15344 | Lair:2   | Reached skill level 4 in Dodging
 15344 | Lair:2   | Reached skill level 4 in Ice Magic
 15510 | Lair:2   | Found a runed translucent gate.
 15510 | Lair:2   | Found a runed translucent gate.
 15511 | Lair:2   | Found a runed translucent gate.
 15511 | Lair:2   | Noticed a death yak
 15511 | Lair:2   | Noticed Buheuvah's ghost (journeyman MiFi)
 15989 | Lair:2   | Noticed a six-headed hydra
 16017 | Lair:2   | Killed a six-headed hydra
 16018 | Lair:2   | Reached skill level 4 in Air Magic
 16018 | Lair:2   | Reached XP level 12. HP: 41/71 MP: 14/24
 16053 | Lair:2   | Noticed a five-headed hydra
 16394 | Lair:2   | Noticed a six-headed hydra
 16409 | Lair:2   | Killed a six-headed hydra
 16417 | Lair:2   | Reached skill level 5 in Ice Magic
 16512 | Lair:2   | Noticed an eight-headed hydra
 16522 | Lair:2   | Killed an eight-headed hydra
 16577 | Lair:2   | Learned a level 5 spell: Freezing Cloud
 16629 | Lair:2   | Found a staircase to the Swamp.
 16685 | Lair:2   | Killed a five-headed hydra
 16686 | Lair:2   | Reached skill level 5 in Dodging
 16753 | Lair:2   | Killed a death yak
 16754 | Lair:2   | Reached skill level 6 in Dodging
 17063 | Lair:3   | Reached skill level 7 in Dodging
 17137 | Lair:3   | Offered knowledge of Airstrike by Vehumet.
 17138 | Lair:3   | Reached skill level 8 in Dodging
 17141 | Lair:3   | Reached skill level 5 in Air Magic
 17269 | Lair:3   | Reached skill level 6 in Ice Magic
 17513 | Lair:3   | You pick up a book of Armaments and begin reading...
 17513 | Lair:3   | You add the spells Stone Arrow, Animate Armour and
                  | Lehudib's Crystal Spear to your library.
 17537 | Lair:3   | You pick up a book of Blasting and begin reading...
 17616 | Lair:3   | You add the spells Gell's Gravitas, Teleport Other and
                  | Dispersal to your library.
 17804 | Lair:3   | Reached skill level 6 in Air Magic
 17807 | Lair:3   | Reached **** piety under Vehumet
 17814 | Lair:3   | Reached skill level 7 in Ice Magic
 18034 | Lair:4   | Noticed a seven-headed hydra
 18043 | Lair:4   | Killed a seven-headed hydra
 18289 | Lair:4   | Identified the +1 helmet of the Catamount {Rampage *Slow
                  | rElec Dex+5}
 18357 | Lair:4   | Offered knowledge of Inner Flame by Vehumet.
 18358 | Lair:4   | Reached skill level 7 in Air Magic
 18735 | Lair:4   | Reached skill level 8 in Ice Magic
 18758 | Lair:4   | Reached XP level 13. HP: 68/76 MP: 13/25
 18958 | Lair:4   | Found a staircase to the Snake Pit.
 19771 | Lair:5   | Reached skill level 8 in Air Magic
 19904 | Lair:5   | You add the spells Slow, Tukima's Dance and Ignition to
                  | your library.
 19904 | Lair:5   | Got the Tome of Enchanting Heat
 19914 | Lair:5   | Learned a level 8 spell: Ignition
 20001 | Lair:5   | Reached skill level 2 in Fire Magic
 20383 | Lair:6   | Entered Level 6 of the Lair of Beasts
 20388 | Lair:6   | Reached skill level 3 in Fire Magic
 20512 | Lair:6   | Reached skill level 4 in Fire Magic
 20529 | Lair:6   | Reached ***** piety under Vehumet
 20530 | Lair:6   | Offered knowledge of Conjure Ball Lightning by Vehumet.
 20531 | Lair:6   | Reached skill level 5 in Fire Magic
 20545 | Lair:6   | Reached skill level 6 in Fire Magic
 20563 | Lair:6   | HP: 13/76 [cane toad (19)]
 20563 | Lair:6   | HP: 5/76 [cane toad (8)]
 20564 | Lair:5   | Succumbed to a cane toad's poison

Vanquished Creatures
  8 hydras
  A boulder beetle (D:9)
  A two-headed ogre (D:9)
  A death yak (Lair:2)
  A lindwurm (Lair:4)
  An ugly thing (D:10)
  A cyclops (D:8)
  3 elephants (Lair:4)
  Joseph (D:7)
  A black mamba (Lair:5)
  12 cane toads
  A kobold demonologist (D:10)
  5 komodo dragons
  2 rime drakes (Lair:4)
  2 trolls
  A polar bear (Lair:6)
  Grinder (D:4)
  9 blink frogs
  6 slime creatures (D:8)
  43 yaks
  Sigmund (D:2)
  A basilisk (Lair:3)
  A wraith (D:9)
  2 wyverns
  2 acid dragons
  17 water moccasins
  5 swamp worms (Lair:2)
  A naga (Lair:4)
  An ice beast (D:6)
  4 orc warriors
  3 black bears
  A hornet zombie (D:6)
  2 necrophages
  3 centaurs
  6 wolves (Lair:2)
  A phantom (D:6)
  2 kobold brigands
  12 bullfrogs
  A wyvern zombie (D:7)
  A scorpion (D:7)
  A gnoll sergeant (D:9)
  6 water moccasin zombies
  3 killer bees (D:10)
  8 wights
  2 centaur zombies
  2 gnoll shamans
  6 hounds
  4 centaur skeletons
  2 orc priests
  4 jellies
  4 iguanas
  Jessica (D:3)
  Ijyb (D:4)
  Terence (D:3)
  5 orc wizards
  6 hell rats (Lair:4)
  A hound zombie (D:3)
  A hound skeleton (D:5)
  A howler monkey zombie (D:5)
  2 mummies (Ossuary)
  19 gnolls
  A howler monkey skeleton (D:5)
  5 adders
  2 white imps
  8 adder zombies (Ossuary)
  An adder skeleton (D:4)
  A dart slug (D:3)
  23 orcs
  6 endoplasms
  2 giant cockroaches
  3 gnoll zombies (Ossuary)
  8 goblins
  7 hobgoblins
  3 quokkas
  3 ball pythons
  9 bats
  5 hobgoblin zombies (Ossuary)
  16 kobolds
  3 kobold zombies (Ossuary)
  6 orc zombies (Ossuary)
  4 rats
  A fulminant prism (Lair:2)
365 creatures vanquished.

Vanquished Creatures (others)
  206 fulminant prisms
  58 fungi
  113 plants
377 creatures vanquished.

Grand Total: 742 creatures vanquished

Table legend:
 A = Non-vault XP
 B = Vault XP
 C = Vault XP percentage of total XP
 D = Non-vault monster count
 E = Vault monster count
 F = Vault count percentage of total count
                 A         B        C        D         E       F
            +---------+---------+-------+---------+---------+-------
      Total |   39778 |    7665 |  16.2 |     300 |      64 |  17.6
            +---------+---------+-------+---------+---------+-------
        D:1 |      35 |       0 |   0.0 |      21 |       0 |   0.0
        D:2 |      82 |     212 |  72.1 |      20 |       1 |   4.8
        D:3 |      86 |      73 |  45.9 |      13 |       2 |  13.3
        D:4 |     171 |     336 |  66.3 |      16 |       2 |  11.1
        D:5 |     503 |       0 |   0.0 |      19 |       0 |   0.0
        D:6 |    1531 |       0 |   0.0 |      26 |       0 |   0.0
        D:7 |    1085 |    1041 |  49.0 |      21 |      11 |  34.4
        D:8 |    3008 |       0 |   0.0 |      23 |       0 |   0.0
        D:9 |    4399 |       0 |   0.0 |      29 |       0 |   0.0
       D:10 |    1605 |       0 |   0.0 |       7 |       0 |   0.0
     Lair:1 |    4181 |       0 |   0.0 |      20 |       0 |   0.0
     Lair:2 |    4434 |    3604 |  44.8 |      13 |      10 |  43.5
     Lair:3 |    5989 |       0 |   0.0 |      27 |       0 |   0.0
     Lair:4 |    5723 |     151 |   2.6 |      21 |       1 |   4.5
     Lair:5 |    3078 |       0 |   0.0 |      11 |       0 |   0.0
     Lair:6 |    3868 |    1763 |  31.3 |      13 |       5 |  27.8
    Ossuary |       0 |     485 | 100.0 |       0 |      32 | 100.0
            +---------+---------+-------+---------+---------+-------

Illustrated notes

Table legend:
 A = Kills in this place as a percentage of kills in entire the game.
 B = Kills by you in this place as a percentage of kills by you in the entire game.
 C = Kills by friends in this place as a percentage of kills by friends in the entire game.
 D = Other kills in this place as a percentage of other kills in the entire game.
 E = Experience gained in this place as a percentage of experience gained in the entire game.
 F = Experience gained in this place divided by the number of levels of this place that you have seen.
                   A       B       C       D       E      F
               +-------+-------+-------+-------+-------+----------------------
         Total | 100.0 | 100.0 |   N/A |   N/A | 100.0 | 2635.7
       Dungeon |  58.0 |  58.0 |   N/A |   N/A |  29.9 | 1416.7
          Lair |  33.2 |  33.2 |   N/A |   N/A |  69.1 | 5465.2
       Ossuary |   8.8 |   8.8 |   N/A |   N/A |   1.0 | 485.0
               +-------+-------+-------+-------+-------+----------------------

Table legend: (Time is in decaauts)
 A = Elapsed time spent in this place.
 B = Non-inter-level travel time spent in this place.
 C = Inter-level travel time spent in this place.
 D = Time resting spent in this place.
 E = Time spent auto-exploring this place.
 F = Levels seen in this place.
 G = Mean time per level.
                   A        B        C        D        E       F      G
               +--------+--------+--------+--------+--------+-----+--------+
         Total |  20577 |  19948 |    629 |   4356 |  12871 |  18 | 1143.2 |
       Dungeon |  12723 |  12211 |    512 |   2502 |   8053 |  10 | 1272.3 |
        Temple |    141 |    129 |     12 |      0 |    113 |   1 |  141.0 |
          Lair |   6914 |   6810 |    104 |   1757 |   4161 |   6 | 1152.3 |
       Ossuary |    797 |    797 |      0 |     97 |    544 |   1 |  797.0 |
               +--------+--------+--------+--------+--------+-----+--------+

Top non-repeatable levels by time:
  Lair:2: 1875 daAuts
     D:7: 1765 daAuts
     D:8: 1667 daAuts
  Lair:4: 1583 daAuts
     D:4: 1538 daAuts
  Lair:1: 1527 daAuts
     D:9: 1448 daAuts
     D:6: 1338 daAuts
     D:3: 1173 daAuts
     D:2: 1139 daAuts
     D:5: 972 daAuts
  Lair:3: 969 daAuts
     D:1: 913 daAuts
 Ossuary: 797 daAuts
  Lair:5: 777 daAuts
